 Dungeon Crawl Stone Soup version 0.29-a0-330-g52719c12eb (webtiles) character file.

Game seed: 5701055381161808044

821 Argons the Grappler (level 7, -3/56 HPs)
             Began as a Ghoul Fire Elementalist on Apr 24, 2022.
             Was an Initiate of Makhleb.
             Slain by Duvessa
             ... wielding a +0 short sword
              (6 damage)
             ... on level 5 of the Dungeon.
             The game lasted 00:31:38 (7522 turns).

Argons the Grappler (Ghoul Fire Elementalist)       Turns: 7522, Time: 00:31:39

Health: -3/56      AC:  7    Str: 14    XL:     7   Next: 95%
Magic:  4/8        EV: 12    Int: 10    God:    Makhleb [......]
Gold:   395        SH:  0    Dex:  9    Spells: 6/9 levels left

rFire   + . .      SeeInvis .     - Unarmed
rCold   + . .      Faith    .   (no shield)
rNeg    + + +      Spirit   .   a - +1 robe
rPois   ∞          Reflect  .   (no helmet)
rElec   .          Harm     .   A - +0 cloak
rCorr   .          Rampage  .   (no gloves)
Will    .....                   u - +2 pair of boots
Stlth   ++........              (no amulet)
HPRegen 0.00/turn               c - ring of protection from fire
MPRegen 0.11/turn               (no ring)

@: inhibited regen
A: claws 1, cold resistance 1, negative energy resistance 3, inhibited
regeneration, torment resistance 2, devour on kill
a: Renounce Religion


You were on level 5 of the Dungeon.
You worshipped Makhleb.
Makhleb was noncommittal.
You visited 1 branch of the dungeon, and saw 5 of its levels.
You also visited: Sewer.

You collected 395 gold pieces.

Inventory:

Hand Weapons
 v - the +5 morningstar of the Lumpy Knives {vorpal, Int-2 Dex+4 SInv Stlth+}
   (You found it on level 3 of the Dungeon)

   It inflicts extra damage upon your enemies.
   Int:       It affects your intelligence (-2).
   Dex:       It affects your dexterity (+4).
   SInv:      It lets you see invisible.
   Stlth:     It makes you more stealthy.
Missiles
 r - 3 boomerangs
 s - 9 poisoned darts
Armour
 a - a +1 robe (worn)
 u - a +2 pair of boots (worn)
 A - a +0 cloak (worn)
Jewellery
 c - a ring of protection from fire (left claw)
 l - an amulet of faith
Scrolls
 e - a scroll of teleportation {unknown}
 f - 2 scrolls of amnesia
 h - a scroll of holy word {unknown}
 i - 2 scrolls of vulnerability {unknown}
 m - 3 scrolls of magic mapping {unknown}
 n - a scroll of summoning {unknown}
 o - 2 scrolls of fear
 t - a scroll of enchant armour
 x - 2 scrolls of immolation {unknown}
 y - a scroll of brand weapon {unknown}
Potions
 b - a potion of magic
 d - a potion of invisibility
 g - 3 potions of flight
 j - 3 potions of attraction
 k - a potion of mutation {unknown}
 p - 4 potions of curing
 q - 3 potions of ambrosia {unknown}
 w - a potion of heal wounds {unknown}
 z - a potion of lignification {unknown}
 B - a potion of degeneration {unknown}
 C - a potion of haste {unknown}
 D - a potion of resistance {unknown}


   Skills:
 - Level 2.4 Fighting
 - Level 1.7 Dodging
 - Level 2.1 Stealth
 + Level 8.9 Unarmed Combat
 - Level 1.7 Spellcasting
 - Level 0.7 Conjurations
 - Level 2.4 Fire Magic


You had 6 spell levels left.
You knew the following spells:

 Your Spells              Type           Power      Damage    Failure   Level
a - Foxfire               Conj/Fire      16%        2x1d4     17%         1
b - Scorch                Fire           10%        2d5       19%         2

Your spell library contained the following spells:

 Spells                   Type           Power      Damage    Failure   Level
 Conjure Flame            Conj/Fire      4%         6-21      45%         3
 Inner Flame              Hex/Fire       3%         N/A       52%         3
 Flame Wave               Conj/Fire      4%         2d5       86%         4


Dungeon Overview and Level Annotations

Branches:
Dungeon (5/15)              Sewer (visited)
 Temple: D:4-7

Altars:
Cheibriados
Gozag
Kikubaaqudgha
Makhleb
Vehumet

Shops:
D:1 *   D:5 ?

Annotations:
D:1 smth
D:5 scrolls (acc), Duvessa


Innate Abilities, Weirdness & Mutations

You are immune to poison.
You have sharp fingernails.
Your flesh is cold resistant. (rC+)
You are immune to negative energy. (rN+++)
You do not regenerate when monsters are visible.
You are immune to unholy pain and torment.
You thrive by killing the living.


Message History

The foxfire hits Duvessa.
Duvessa is lightly wounded.
Casting: Scorch (safe; 19% risk of failure)
Confirm with . or Enter, or press ? or * to list all spells.
Flames lash Duvessa.
Duvessa is burned terribly!
Duvessa is lightly wounded.
You closely miss Duvessa.
Duvessa is lightly wounded.
Duvessa hits you but does no damage.
You barely miss Duvessa.
Duvessa is lightly wounded.
Duvessa hits you with a +0 short sword!
You barely miss Duvessa.
Duvessa is lightly wounded.
Duvessa hits you with a +0 short sword!
You scratch Duvessa but do no damage.
Duvessa is lightly wounded.
Duvessa hits you with a +0 short sword!
You barely miss Duvessa.
Duvessa is lightly wounded.
Duvessa hits you but does no damage. Duvessa misses you.
You claw Duvessa!
Duvessa is moderately wounded.
Duvessa hits you with a +0 short sword!
You barely miss Duvessa.
Duvessa is moderately wounded.
Duvessa hits you with a +0 short sword.
* * * LOW HITPOINT WARNING * * *
You completely miss Duvessa.
Duvessa is moderately wounded.
Duvessa is no longer more vulnerable to fire.
Duvessa misses you. Duvessa barely misses you.
You completely miss Duvessa.
Duvessa is moderately wounded.
Duvessa hits you with a +0 short sword!
* * * LOW HITPOINT WARNING * * *
You scratch Duvessa.
Duvessa is moderately wounded.
Duvessa hits you with a +0 short sword.
You die...

# #........#.............#
#####........###'#######.###
##..###'#............######
.#......'............#....#
.#......#............#....#
.#......#............#....#
#########...§........#'####
##.#......#####e........#
...#......#...#.@.......#
#..#......#...#..[......#
...#......#...#.........#
...#......#...#.........#
####......#..##.........##
...)....###..######......#
........#....#....#......#
........#....#....'......#
........#....#....#......#


You could see Duvessa (berserk).

Vanquished Creatures
  A black bear (D:5)
  A phantom (D:4)
  3 necrophages
  Dowan (D:5)
  2 hounds
  2 jellies (D:5)
  Jessica (D:2)
  4 gnolls (D:5)
  10 adders
  6 river rats
  An ufetubus (D:5)
  A worm (D:4)
  A dart slug (D:2)
  5 orcs
  2 bats (D:1)
  10 endoplasms
  7 giant cockroaches
  7 goblins
  4 hobgoblins
  4 jackals (D:1)
  2 kobolds
  6 quokkas
  2 ball pythons (D:3)
  10 frilled lizards
  17 rats
110 creatures vanquished.

Vanquished Creatures (others)
  57 foxfires
  4 plants
61 creatures vanquished.

Grand Total: 171 creatures vanquished

Notes
Turn   | Place    | Note
-------+----------+-------------------------------------------
     0 | D:1      | Argons the Ghoul Fire Elementalist began the quest for the
                  | Orb.
     0 | D:1      | Reached XP level 1. HP: 14/14 MP: 2/2
   208 | D:1      | Reached skill level 1 in Fighting
   208 | D:1      | Reached skill level 1 in Unarmed Combat
   235 | D:1      | Reached XP level 2. HP: 15/23 MP: 0/3
   808 | D:1      | You fall into a shaft and drop 1 floor!
  1259 | D:2      | Reached XP level 3. HP: 20/29 MP: 4/4
  1536 | D:2      | Noticed Jessica
  1545 | D:2      | Killed Jessica
  1546 | D:2      | Reached skill level 2 in Unarmed Combat
  1827 | D:1      | Found Xemepnast's Assorted Antiques.
  1839 | D:1      | Reached XP level 4. HP: 37/37 MP: 2/5
  1876 | D:1      | Learned a level 2 spell: Scorch
  2071 | D:2      | Reached skill level 3 in Unarmed Combat
  3135 | D:3      | Found a snail-covered altar of Cheibriados.
  3198 | D:3      | Identified the +5 spear of Dried Tears {protect, rPois rC+}
  3269 | D:3      | Found a faded altar of an unknown god.
  3659 | D:3      | Identified the +5 morningstar of the Lumpy Knives {vorpal,
                  | Int-2 Dex+4 SInv Stlth+}
  3703 | D:3      | Found an ancient bone altar of Kikubaaqudgha.
  3939 | D:4      | Reached skill level 4 in Unarmed Combat
  3939 | D:4      | Reached XP level 5. HP: 42/42 MP: 1/6
  4178 | D:4      | Found a glowing drain.
  4182 | Sewer    | Entered a sewer
  4264 | Sewer    | Reached skill level 5 in Unarmed Combat
  4442 | Sewer    | Reached XP level 6. HP: 50/50 MP: 0/7
  5121 | D:4      | Found a burning altar of Makhleb.
  5129 | D:4      | Became a worshipper of Makhleb the Destroyer
  5263 | D:4      | Reached skill level 6 in Unarmed Combat
  5495 | D:4      | Found an opulent altar of Gozag.
  5746 | D:5      | Entered Level 5 of the Dungeon
  5757 | D:5      | Reached skill level 7 in Unarmed Combat
  5757 | D:5      | Reached XP level 7. HP: 53/56 MP: 3/8
  5953 | D:5      | Noticed Dowan
  6226 | D:5      | Reached skill level 8 in Unarmed Combat
  6392 | D:5      | Found Jaifu's Magic Scroll Shoppe.
  6739 | D:5      | Found a radiant altar of Vehumet.
  6859 | D:5      | Noticed Duvessa
  6897 | D:5      | Killed Dowan
  7522 | D:5      | Slain by Duvessa

Illustrated notes

Levels and vault maps discovered:
D:1:      psy_arrival_wood_between_worlds, layout_rooms, serial_shops,
          nicolae_shop_behind_doors, minivault_5, minmay_small_reverse_x
D:2:      layout_loops_ring, uniq_jessica
D:3:      layout_loops_ring, lemuel_doored_altar, general_overflow_altar,
          dreamdust_ecumenical_altar_grove, hex_tiny, hangedman_decor_push,
          minmay_liquid_box
D:4:      layout_basic, grunt_gozag_breadcrumbs, lightli_temple_of_fire,
          gup_sewer_entry_spiral
D:5:      layout_gridville, lemuel_crystal_altar, serial_shops,
          nicolae_stop_n_shop_2, nicolae_figureground_pulse, uniq_duvessa

Skill      XL: |  1  2  3  4  5  6  7 |
---------------+----------------------+-----
Fighting       | 1 2 |  2.4
Unarmed Combat | 1 2 4 5 7 8 |  8.9
Dodging        | |  1.7
Stealth        | |  2.1
Spellcasting   | |  1.7
Conjurations   | |  0.7
Fire Magic     | |  2.4

Action                   |  1- 3 |  4- 6 |  7- 9 || total
-------------------------+-------+-------+-------++-------
Melee: Unarmed           |    50 |   117 |    40 ||   207
       Punch             |       |     8 |     2 ||    10
 Cast: Foxfire           |    40 |     1 |     1 ||    42
       Scorch            |       |    59 |    23 ||    82
  Use: Scroll            |       |     7 |       ||     7
 Stab: Sleeping          |     1 |     1 |       ||     2
Armor: Robe              |     3 |    34 |    15 ||    52
Dodge: Dodged            |    20 |    64 |    23 ||   107

Table legend: (Time is in decaauts)
 A = Elapsed time spent in this place.
 B = Non-inter-level travel time spent in this place.
 C = Inter-level travel time spent in this place.
 D = Time resting spent in this place.
 E = Time spent auto-exploring this place.
 F = Levels seen in this place.
 G = Mean time per level.
                   A        B        C        D        E       F      G
               +--------+--------+--------+--------+--------+-----+--------+
         Total |   7619 |   7392 |    227 |   3187 |    275 |   6 | 1269.8 |
       Dungeon |   6773 |   6546 |    227 |   2811 |    275 |   5 | 1354.6 |
         Sewer |    845 |    845 |      0 |    375 |      0 |   1 |  845.0 |
               +--------+--------+--------+--------+--------+-----+--------+

Top non-repeatable levels by time:
     D:5: 1769 daAuts
     D:3: 1431 daAuts
     D:2: 1364 daAuts
     D:4: 1147 daAuts
     D:1: 1061 daAuts
   Sewer: 845 daAuts
